 Dungeon Crawl Stone Soup version 0.28-b1-25-g9875b3fc8c (webtiles) character file.

Game seed: 4646850950709520268

42 cayde69 the Insei (level 3, -4/26 HPs)
             Began as a Demonspawn Transmuter on Jan 31, 2022.
             Was a Follower of Okawaru.
             Slain by an orc priest (6 damage)
             ... on level 3 of the Dungeon.
             The game lasted 00:03:59 (1960 turns).

cayde69 the Insei (Demonspawn Transmuter)           Turns: 1960, Time: 00:04:01

Health: -4/26      AC:  2    Str: 12    XL:     3   Next: 35%
Magic:  0/6        EV: 12    Int: 14    God:    Okawaru [*.....]
Gold:   82         SH:  0    Dex: 13    Spells: 5/6 levels left

rFire   . . .      SeeInvis .   g - +3 morningstar
rCold   . . .      Faith    .   (no shield)
rNeg    . . .      Spirit   +   a - +0 robe
rPois   .          Reflect  .   (no helmet)
rElec   .          Harm     .   (no cloak)
rCorr   .          Rampage  .   (no gloves)
Will    .....                   (no boots)
Stlth   +.........              h - amulet of guardian spirit
HPRegen 0.08/turn               (no ring)
MPRegen 0.10/turn               (no ring)

@: very slightly contaminated
A: spiny 1
a: Renounce Religion, Heroism


You were on level 3 of the Dungeon.
You worshipped Okawaru.
Okawaru was aware of your devotion.
You visited 1 branch of the dungeon, and saw 3 of its levels.

You collected 82 gold pieces.

Inventory:

Hand Weapons
 g - a +3 morningstar (weapon)
Missiles
 c - 2 throwing nets
Armour
 a - a +0 robe (worn)
 i - a +0 hat
Jewellery
 h - an amulet of guardian spirit (around neck)
 j - a +4 ring of protection
Scrolls
 b - 2 scrolls of teleportation {unknown}
Potions
 d - a potion of lignification {unknown}
 e - a potion of attraction {unknown}
 f - a potion of curing {unknown}


   Skills:
 * Level 1.1 Fighting
 * Level 0.4 Maces & Flails
 + Level 2.1 Dodging
 - Level 3.3 Unarmed Combat
 + Level 2.2 Spellcasting
 + Level 2.1 Transmutations


You had 5 spell levels left.
You knew the following spells:

 Your Spells              Type           Power      Damage    Failure   Level
a - Beastly Appendage     Tmut           14%        N/A       10%         1

Your spell library contained the following spells:

 Spells                   Type           Power      Damage    Failure   Level
 Wereblood                Tmut           7%         N/A       16%         2
 Spider Form              Tmut/Pois      4%         N/A       41%         3
 Ice Form                 Ice/Tmut       4%         N/A       83%         4
 Storm Form               Tmut/Air       2%         N/A       100%        7
 Maxwell's Capacitive Co  Air            0%         ∞         100%        8
 Summon Lightning Spire   Summ/Air       Unusable   N/A       N/A         4

Dungeon Overview and Level Annotations

Branches:
Dungeon (3/15)

Altars:
Okawaru


Innate Abilities, Weirdness & Mutations

You are partially covered in sharp spines.


Message History

The orc priest casts a cantrip, but nothing happens.
You hit the orc.
The orc is heavily wounded.
The orc hits you with a +0 dagger. The orc barely misses you.
You hit the orc.
You kill the orc!
Okawaru accepts your kill.
The orc priest looks satisfied for a moment.
Found a spear.
Your horns disappear.
Your talons disappear.
The orc priest barely misses you.
Items here: )) [ †.
You hit the orc priest but do no damage.
The orc priest barely misses you.
Casting: Beastly Appendage (safe; 10% risk of failure)
Confirm with . or Enter, or press ? or * to list all spells.
You miscast Beastly Appendage.
You are very lightly contaminated with residual magic.
Nothing appears to happen.
The orc priest hits you with a +0 hand axe!
Unknown command.
You barely miss the orc priest. The orc priest closely misses you.
The orc priest hits you with a +0 hand axe.
You hit the orc priest.
You punch the orc priest, but do no damage.
The orc priest is lightly wounded.
The orc priest hits you with a +0 hand axe.
You are too injured to fight recklessly!
You are too injured to fight recklessly!
You are too injured to fight recklessly!
You are too injured to fight recklessly!
You are too injured to fight recklessly!
You are too injured to fight recklessly!
You puncture the orc priest!
The orc priest is severely wounded.
The orc priest invokes the aid of Beogh against you.
Beogh smites you!
* * * LOW HITPOINT WARNING * * *
The orc priest hits you with a +0 hand axe.
You die...

#+# . # #.#
....#.#####.#########
)....lo@).(†..)......
.#....####.<#########
^...# #.## .#. #.#
#.# #+#


You could see an orc priest and a frilled lizard.

Vanquished Creatures
  An adder (D:2)
  A worm (D:2)
  A dart slug (D:1)
  3 orcs (D:3)
  A ball python (D:1)
  An endoplasm (D:2)
  2 giant cockroaches
  4 goblins
  A hobgoblin (D:2)
  A kobold (D:3)
  2 bats (D:2)
  2 frilled lizards (D:1)
  6 rats
26 creatures vanquished.

Notes
Turn   | Place    | Note
-------+----------+-------------------------------------------
     0 | D:1      | cayde69 the Demonspawn Transmuter began the quest for the
                  | Orb.
     0 | D:1      | Reached XP level 1. HP: 15/15 MP: 3/3
    90 | D:1      | Found Zaazyops's Jewellery Shoppe.
   441 | D:1      | Gained mutation: You are partially covered in sharp spines.
                  | [demonic ancestry]
   441 | D:1      | Reached XP level 2. HP: 19/21 MP: 5/5
   660 | D:1      | Found a faded altar of an unknown god.
   686 | D:1      | Prayed at the altar of an unknown god.
   686 | D:1      | Became a worshipper of Warmaster Okawaru
   686 | D:1      | Reached * piety under Okawaru
  1125 | D:2      | Reached skill level 3 in Unarmed Combat
  1347 | D:2      | Reached XP level 3. HP: 24/26 MP: 4/6
  1960 | D:3      | Slain by an orc priest

Illustrated notes

Levels and vault maps discovered:
D:1:      minmay_arrival_semitransparent, layout_basic, serial_shops,
          nicolae_square_shop, basic_ecumenical_altar, minmay_misc_feat_cross,
          minmay_misc_feat_pillars
D:2:      layout_loops_ring, serial_rivers, chequers_serial_rivers_room_b,
          chequers_serial_rivers_micro_d, chequers_serial_rivers_small_b,
          chequers_serial_rivers_room_a, chequers_serial_rivers_small_a,
          chequers_serial_rivers_micro_b
D:3:      kennysheep_goblin_castle, layout_basic, uniq_grinder

Skill      XL: |  1  2  3 |
---------------+----------+-----
Dodging        | 2 |  2.1
Unarmed Combat | 3 |  3.3
Transmutations | 2 |  2.1
Fighting       | |  1.1
Maces & Flails | |  0.4
Spellcasting   | |  2.2

Action                   || total
-------------------------++-------
Melee: Unarmed           ||    42
       Punch             ||     3
       Kick              ||     2
       Headbutt          ||     1
       Morningstar       ||    17
 Cast: Beastly Appendage ||     7
 Stab: Sleeping          ||     1
Armor: Robe              ||     2
Dodge: Dodged            ||    30
